 Dungeon Crawl Stone Soup version 0.29.1-2-gbd0b4ee654 (webtiles) character file.

Game seed: 8740621446858773286

23 Nerdsrcool the Trooper (level 2, -14/24 HPs)
             Began as a Minotaur Chaos Knight on Oct 31, 2022.
             Was a Plaything of Xom.
             Demolished by a gnoll
             ... wielding a +4 whip of chaos
              (19 damage)
             ... on level 2 of the Dungeon.
             The game lasted 00:06:24 (1144 turns).

Nerdsrcool the Trooper (Minotaur Chaos Knight)      Turns: 1144, Time: 00:06:25

Health: -14/24     AC:  5    Str: 16      XL:     2   Next: 72%
Magic:  1/1        EV:  7    Int:  8 (9)  God:    Xom [*.....]
Gold:   27         SH:  0    Dex:  7      Spells: 1/1 levels left

rFire   . . .      SeeInvis .   a - +0 spear (chaos)
rCold   . . .      Faith    .   (no shield)
rNeg    . . .      Spirit   .   e - +0 chain mail
rPois   .          Reflect  .   (helmet restricted)
rElec   .          Harm     .   (no cloak)
rCorr   .          Rampage  .   (no gloves)
Will    .....                   (no boots)
Stlth   ..........              (no amulet)
HPRegen 0.08/turn               (no ring)
MPRegen 0.07/turn               (no ring)

@: confused, unable to drink
A: horns 2, retaliatory headbutt, clumsy 1, deformed body, frail 1, inability to
drink after injury 2
a: Renounce Religion


You were on level 2 of the Dungeon.
You worshipped Xom.
You were a special plaything of Xom.
You visited 1 branch of the dungeon, and saw 2 of its levels.

You collected 27 gold pieces.

Inventory:

Hand Weapons
 a - a +0 spear of chaos (weapon)
Missiles
 d - a boomerang (quivered)
Armour
 b - a +2 leather armour
 e - a +0 chain mail (worn)
Magical Staves
 i - a staff of earth
Scrolls
 g - a scroll of amnesia {unknown}
 j - 3 scrolls of identify {unknown}
Potions
 f - a potion of ambrosia {unknown}
 h - a potion of flight {unknown}
 k - 2 potions of mutation {unknown}
 l - a potion of curing {unknown}
Miscellaneous
 c - a piece from Xom's chessboard (15/15)


   Skills:
 + Level 4.0 Fighting
 + Level 4.0 Polearms
 + Level 2.9 Armour
 + Level 1.7 Dodging


You had one spell level left.
You didn't know any spells.
Your spell library contained the following spells:

 Spells                   Type           Power      Damage    Failure   Level
 Conjure Ball Lightning   Conj/Air       0%         3x3d6     100%        6
 Discord                  Hex            0%         N/A       100%        8
 Disjunction              Tloc           0%         N/A       100%        8


Dungeon Overview and Level Annotations

Branches:
Dungeon (2/15)

Altars:

Shops:
D:1 *


Innate Abilities, Weirdness & Mutations

You have a pair of horns on your head.
You reflexively headbutt those who attack you in melee.
You are clumsy. (Dex -2)
Armour fits poorly on your strangely shaped body.
You are frail. (-10% HP)
You sometimes lose the ability to drink potions when taking damage.


Message History

You are held in a net!
You are held in a net!
You are held in a net!
You are held in a net!
You are held in a net!
You are held in a net!
You are held in a net!
You are held in a net!
You are held in a net!
You are held in a net!
You are held in a net!
You are held in a net!
You are held in a net!
You are held in a net!
You are held in a net!
You are held in a net!
You are held in a net!
You struggle against the net.
A gnoll comes into view. It is wielding a +0 spear.
The gnoll hits you from afar with a +0 spear.
You rip the net and break free!
The gnoll barely misses you.
You hit the gnoll.
The gnoll is lightly wounded.
The gnoll barely misses you.
The gnoll hits you with a +4 whip of chaos.
You feel threatened and lose the ability to drink potions!
The gnoll freezes you.
You hit the gnoll but do no damage.
The gnoll is lightly wounded.
Xom's power touches on your mind for a moment.
You are confused.
You hit the gnoll.
The gnoll is poisoned.
The gnoll is moderately wounded.
The gnoll hits you but does no damage.
The gnoll hits you with a +4 whip of chaos.
* * * LOW HITPOINT WARNING * * *
You are electrocuted!!
Ouch! That really hurt!
You die...
Xom is highly amused!

###)##.## #..†..# #
#.....######.#
#######.##.........#
..............>#####
............##.#
.).......#.....#
........g+..#..#
.......@.#.##..#
....?..g.#..#..#
......gg.##.#..#
.........+ .#..#
.........# ##
####...### #... #...


You could see 3 gnolls and a hobgoblin.

Vanquished Creatures
  2 endoplasms (D:1)
  3 goblins
  2 hobgoblins (D:1)
  A jackal (D:1)
  2 quokkas (D:1)
  3 ball pythons (D:1)
  A bat (D:2)
  2 frilled lizards
  3 kobolds (D:1)
  3 rats
22 creatures vanquished.

Notes
Turn   | Place    | Note
-------+----------+-------------------------------------------
     0 | D:1      | Nerdsrcool the Minotaur Chaos Knight began the quest for
                  | the Orb.
     0 | D:1      | Reached XP level 1. HP: 19/19 MP: 0/0
     4 | D:1      | XOM: silly message
    66 | D:1      | XOM: confusion
   137 | D:1      | Found a faded altar of an unknown god.
   166 | D:1      | XOM: torment (11/20 hp)
   323 | D:1      | Found Waff's Assorted Antiques.
   367 | D:1      | Reached XP level 2. HP: 27/27 MP: 1/1
   593 | D:1      | XOM: polymorph hobgoblin -> jackal
   759 | D:1      | XOM: give mutations
   759 | D:1      | Gained mutation: You are frail. (-10% HP) [Xom's mischief]
   759 | D:1      | Gained mutation: You occasionally lose the ability to drink
                  | potions when taking damage. [Xom's mischief]
   782 | D:1      | XOM: stat loss: -1 Int (8/9)
   815 | D:1      | XOM: give mutations
   815 | D:1      | Gained mutation: You sometimes lose the ability to drink
                  | potions when taking damage. [Xom's mischief]
   815 | D:1      | Gained mutation: Armour fits poorly on your strangely
                  | shaped body. [Xom's mischief]
   815 | D:1      | Gained mutation: You are clumsy. (Dex -2) [Xom's mischief]
  1138 | D:2      | XOM: chaos upgrade
  1142 | D:2      | XOM: confusion
  1144 | D:2      | Demolished by a gnoll

Illustrated notes

Levels and vault maps discovered:
D:1:      psy_arrival_radial01, layout_loops_ring, serial_shops,
          nicolae_shop_trees, chequers_ecumenical_altar_island
D:2:      layout_basic, basic_altar, uniq_jessica

Skill      XL: |  1  2 |
---------------+-------+-----
Fighting       | 4 |  4.0
Polearms       | 4 |  4.0
Armour         | |  2.9
Dodging        | |  1.7

Action                   || total
-------------------------++-------
Melee: Spear             ||    39
       Headbutt          ||     2
Throw: Boomerang         ||    34
Armor: Leather armour    ||     3
       Chain mail        ||    12
Dodge: Dodged            ||    19
